 Dungeon Crawl Stone Soup version 0.21.1-1-g345015f (webtiles) character file.

210 lotte the Chopper (level 5, -1/75 HPs)
             Began as a Deep Dwarf Berserker on June 24, 2018.
             Was a Believer of Trog.
             Slain by an ogre
             ... wielding a +0 giant spiked club
              (20 damage)
             ... on level 3 of the Dungeon.
             The game lasted 00:23:14 (2693 turns).

lotte the Chopper (Deep Dwarf Berserker)            Turns: 2693, Time: 00:23:14

Health: -1/75      AC: 22    Str: 22    XL:     5   Next: 57%
Magic:  5/5        EV:  2    Int: 11    God:    Trog [**....]
Gold:   117        SH:  3    Dex: 12    Spells: 4/4 levels left

rFire    . . .     SeeInvis .   a - +0 hand axe
rCold    . . .     Gourm    .   k - +0 buckler
rNeg     + + +     Faith    .   (armour currently unavailable)
rPois    +         Spirit   .   (helmet currently unavailable)
rElec    .         Reflect  .   (cloak currently unavailable)
rCorr    .         Harm     .   (gloves currently unavailable)
MR       .....     NoTele   +   (boots currently unavailable)
Stlth    +.........             (no amulet)
HPRegen  0.00/turn              h - +4 ring of intelligence
MPRegen  0.09/turn              (no ring)

@: tree-form, non-regenerating
A: damage resistance, heal wounds, sense surroundings 1, no regeneration
a: Heal Wounds, Berserk, Trog's Hand, Burn Spellbooks, Renounce Religion


You were on level 3 of the Dungeon.
You worshipped Trog.
Trog was pleased with you.
You were very hungry.
You were a tree.
You visited 1 branch of the dungeon, and saw 3 of its levels.

You collected 117 gold pieces.

Inventory:

Hand Weapons
 a - a +0 hand axe (weapon)
Armour
 f - a +0 plate armour (melded)
 k - a +0 buckler (worn)
 q - a +2 helmet (melded)
Jewellery
 h - a +4 ring of intelligence (left branch)
Wands
 p - a wand of random effects (16)
Scrolls
 c - a scroll of fog
 g - 4 scrolls of amnesia
 i - a scroll of enchant armour {unknown}
 j - a scroll of random uselessness {unknown}
 l - 2 scrolls of identify
 m - a scroll of immolation {unknown}
 s - a scroll of teleportation {unknown}
Potions
 b - a potion of ambrosia {unknown}
 d - a potion of haste {unknown}
 e - a potion of lignification
 n - a potion of berserk rage {unknown}


   Skills:
 * Level 4.0 Fighting
 + Level 5.2 Axes
 + Level 3.2 Armour
 - Level 2.3 Dodging
 + Level 0.6 Shields


You had 4 spell levels left.
You didn't know any spells.

Dungeon Overview and Level Annotations

Branches:
Dungeon (3/15)

Altars:


Innate Abilities, Weirdness & Mutations

You are resistant to damage.
You can heal yourself by infusing magical energy.
You passively map a small area around you.
You do not regenerate.


Message History

The ogre is heavily wounded.
The ogre hits you but does no damage.
You hit the ogre.
The ogre is heavily wounded.
The ogre hits you with a giant spiked club!
You hit the ogre.
The ogre is severely wounded.
Your shield and plate armour prevent you from hitting the ogre.
The ogre is severely wounded.
The ogre hits you with a giant spiked club!
* * * LOW HITPOINT WARNING * * *
You hit the ogre but do no damage.
The ogre is severely wounded.
The ogre hits you with a giant spiked club.
* * * LOW HITPOINT WARNING * * *
You turn into a tree.
Your +2 helmet melds into your body.
Your +0 plate armour melds into your body.
Your roots penetrate the ground.
The ogre hits you with a giant spiked club!!
You die...

# , , * ### * * * *, ..#
### * * #.# #.., , * * *
#.# #.# ####### ## * #.#
#.###...... .#
#.#####.##>..#### .# ,
................##†###.#
#..####.##...##.♣O.....#
...))...##########.#####
#..###### .# ...# .#
##.# .# ##.# ?# #.# .#
#.# .# * #.# *


You could see an ogre.

Vanquished Creatures
  An orc priest (D:3)
  Robin (D:3)
  3 gnolls (D:2)
  5 adders
  4 worms (D:2)
  A dart slug (D:1)
  2 leopard geckos (D:1)
  4 orcs (D:3)
  2 giant cockroaches
  12 goblins
  5 hobgoblins
  12 jackals
  5 kobolds
  2 quokkas (D:2)
  4 bats
  8 frilled lizards
  10 rats
81 creatures vanquished.

Notes
Turn   | Place    | Note
-------+----------+-------------------------------------------
     0 | D:1      | lotte the Deep Dwarf Berserker began the quest for the Orb.
     0 | D:1      | Reached XP level 1. HP: 20/20 MP: 1/1
   196 | D:1      | Reached XP level 2. HP: 25/27 MP: 2/2
  1007 | D:2      | Reached XP level 3. HP: 34/34 MP: 3/3
  1067 | D:2      | Reached ** piety under Trog
  1091 | D:2      | Reached skill level 4 in Axes
  1186 | D:2      | Reached XP level 4. HP: 34/43 MP: 4/4
  1995 | D:2      | You fall through a shaft!
  2096 | D:3      | Reached XP level 5. HP: 42/50 MP: 5/5
  2129 | D:3      | Noticed Robin
  2156 | D:3      | Killed Robin
  2156 | D:3      | Reached skill level 5 in Axes
  2677 | D:3      | Noticed an ogre
  2693 | D:3      | Slain by an ogre

Skill      XL: |  1  2  3  4  5 |
---------------+----------------+-----
Fighting       | 3 4 |  4.0
Axes           | 4 5 |  5.2
Armour         | 3 |  3.2
Dodging        | |  2.3
Shields        | |  0.6

Action                   |  1- 3 |  4- 6 || total
-------------------------+-------+-------++-------
Melee: Hand axe          |   139 |   190 ||   329
Invok: Berserk           |     1 |     1 ||     2
       Trog's Hand       |     1 |     4 ||     5
       Burn Spellbooks   |       |     1 ||     1
  Use: Scroll            |       |     2 ||     2
       Potion            |       |     2 ||     2
  Eat: Ration            |     1 |     1 ||     2
       Chunk             |       |     2 ||     2
Armor: Ring mail         |    10 |       ||    10
       Plate armour      |    54 |   109 ||   163
       Skin              |       |    18 ||    18
Dodge: Dodged            |    57 |    53 ||   110
Block: Buckler           |       |    20 ||    20
